 Dungeon Crawl Stone Soup version 0.29.1-15-g9cfb28693d (webtiles) character file.

Game seed: 11528243553750605517

105 Descartes the Digger (level 5, -8/35 HPs)
             Began as a Formicid Earth Elementalist on Apr 28, 2023.
             Killed from afar by an orc wizard (11 damage)
             ... with a puff of flame
             ... on level 3 of the Dungeon.
             The game lasted 00:03:50 (1955 turns).

Descartes the Digger (Formicid Earth Elementalist)  Turns: 1955, Time: 00:03:51

Health: -8/35      AC:  5    Str: 15    XL:     5   Next: 8%
Magic:  3/9        EV: 11    Int: 14    God:
Gold:   78         SH:  0    Dex: 14    Spells: 9/10 levels left

rFire   . . .      SeeInvis +   q - +0 hand axe
rCold   . . .      Faith    .   (no shield)
rNeg    . . .      Spirit   .   m - +0 ring mail {Will+}
rPois   .          Reflect  .   (helmet unavailable)
rElec   .          Harm     .   (no cloak)
rCorr   .          Rampage  .   (no gloves)
Will    +....                   (no boots)
Stlth   +.........              (no amulet)
HPRegen 0.11/turn               (no ring)
MPRegen 0.11/turn               (no ring)

@: no status effects
A: permanent stasis, dig shafts and tunnels, antennae 3, four strong arms
a: Dig, Shaft Self


You were on level 3 of the Dungeon.
You visited 1 branch of the dungeon, and saw 3 of its levels.

You collected 78 gold pieces.

Inventory:

Hand Weapons
 q - a +0 hand axe (weapon)
Missiles
 o - 9 poisoned darts
Armour
 a - a +0 robe
 h - a +0 plate armour
 m - a +0 ring mail of willpower (worn)
Scrolls
 e - 6 scrolls of identify {unknown}
 f - a scroll of fog {unknown}
 g - 2 scrolls of vulnerability {unknown}
 j - a scroll of magic mapping {unknown}
 l - a scroll of noise {unknown}
 p - 2 scrolls of fear {unknown}
Potions
 b - a potion of magic
 c - a potion of degeneration {unknown}
 d - 3 potions of curing {unknown}
 i - a potion of flight {unknown}
 k - a potion of attraction {unknown}
 n - a potion of lignification {unknown}


   Skills:
 + Level 2.1 Armour
 - Level 1.7 Dodging
 - Level 2.4 Stealth
 + Level 3.1 Spellcasting
 + Level 2.5 Transmutations
 + Level 4.5 Earth Magic


You had 9 spell levels left.
You knew the following spells:

 Your Spells              Type           Power      Damage    Failure   Level
a - Sandblast             Erth           28%        2d8       6%          1

Your spell library contained the following spells:

 Spells                   Type           Power      Damage    Failure   Level
 Passwall                 Tmut/Erth      10%        N/A       14%         2
 Stone Arrow              Conj/Erth      16%        3d8       43%         3
 Petrify                  Tmut/Erth      12%        N/A       67%         4
 Gell's Gravitas          Tloc           2%         N/A       77%         3
 Teleport Other           Tloc           2%         N/A       77%         3
 Dispersal                Tloc           1%         N/A       100%        6


Dungeon Overview and Level Annotations

Branches:
Dungeon (3/15)

Altars:


Innate Abilities, Weirdness & Mutations

You cannot be hasted, slowed, berserked, paralysed or teleported.
You can dig through walls and to a lower floor.
You have a pair of large antennae on your head. (SInv)
Your four strong arms can wield two-handed weapons with a shield.


Message History

Casting: Sandblast (safe; 6% risk of failure)
Confirm with . or Enter, or press ? or * to list all spells.
Aiming: Sandblast (safe; 6% risk of failure)
Press: ? - help, Shift-Dir - straight line, f/p - orc priest
Aim: an orc priest, wielding a +0 hand axe and wearing a +0 leather armour (82% to hit)
The blast of sand hits the orc wizard!
The orc wizard is severely wounded.
The orc wizard hits you with a +0 dagger.
Your magical contamination has completely faded away.
Casting: Sandblast (safe; 6% risk of failure)
Confirm with . or Enter, or press ? or * to list all spells.
Aiming: Sandblast (safe; 6% risk of failure)
Press: ? - help, Shift-Dir - straight line, f/p - orc priest
Aim: an orc priest, wielding a +0 hand axe and wearing a +0 leather armour (82% to hit)
The blast of sand misses the orc wizard.
The blast of sand hits the orc priest but does no damage.
The orc wizard hits you but does no damage.
The orc priest calls down the wrath of Beogh upon you.
Beogh smites you!
* * * LOW HITPOINT WARNING * * *
The orc wizard hits you with a +0 dagger.
* * * LOW HITPOINT WARNING * * *
Casting: Sandblast (safe; 6% risk of failure)
Confirm with . or Enter, or press ? or * to list all spells.
Aiming: Sandblast (safe; 6% risk of failure)
Press: ? - help, Shift-Dir - straight line, f/p - orc priest
Aim: an orc priest, wielding a +0 hand axe and wearing a +0 leather armour (82% to hit)
The blast of sand hits the orc wizard but does no damage.
The orc wizard is severely wounded.
The orc wizard hits you with a +0 dagger.
* * * LOW HITPOINT WARNING * * *
The orc wizard attacks as you move away!
The orc wizard hits you but does no damage.
The orc wizard attacks as you move away!
The orc wizard hits you but does no damage.
The orc wizard attacks as you move away!
The orc wizard hits you but does no damage.
The orc wizard points at you and mumbles some strange words.
The puff of flame hits you!
You die...

..>.)...o....#
#...##...###.##### .
##.....o....#
##.###{###.# #.# #{#
.# #.# #.###.# #.#
#.oo..# ##+# #.#
####..# ##...##
#.######@.#
#.....###.........##
.......######......#
........####...###.#
........'......# .#
........####...# .#
.......## ##......#
#.....## ##.####
##...##### .#


You could see an orc wizard (invisible).

Vanquished Creatures
  Jessica (D:2)
  A gnoll (D:1)
  2 adders (D:2)
  A dart slug (D:1)
  2 orcs (D:3)
  5 bats
  4 endoplasms
  A giant cockroach (D:1)
  2 hobgoblins (D:1)
  A quokka (D:1)
  5 ball pythons
  2 frilled lizards (D:3)
  9 goblins
  5 kobolds
  5 rats
46 creatures vanquished.

Notes
Turn   | Place    | Note
-------+----------+-------------------------------------------
     0 | D:1      | Descartes the Formicid Earth Elementalist began the quest
                  | for the Orb.
     0 | D:1      | Reached XP level 1. HP: 13/13 MP: 3/3
    59 | D:1      | Reached XP level 2. HP: 7/19 MP: 3/5
   468 | D:1      | Found a faded altar of an unknown god.
   580 | D:1      | Reached skill level 1 in Armour
   580 | D:1      | Reached skill level 4 in Earth Magic
   580 | D:1      | Reached XP level 3. HP: 15/24 MP: 0/6
  1179 | D:2      | Reached XP level 4. HP: 30/30 MP: 6/8
  1549 | D:2      | Noticed Jessica
  1553 | D:2      | Killed Jessica
  1779 | D:3      | Reached XP level 5. HP: 35/35 MP: 7/9
  1955 | D:3      | Killed from afar by an orc wizard

Illustrated notes

Levels and vault maps discovered:
D:1:      lightli_arrival_isolated_outpost, layout_rooms,
          hellmonk_ecumenical_altar_pennies_from_heaven
D:2:      layout_basic, uniq_jessica
D:3:      layout_loops_corners, amcnicky_altar_gilded

Skill      XL: |  1  2  3  4 |
---------------+-------------+-----
Armour         | 1 2 |  2.1
Earth Magic    | 4 |  4.5
Transmutations | 2 |  2.5
Spellcasting   | 3 |  3.1
Dodging        | |  1.7
Stealth        | |  2.4

Action                   |  1- 3 |  4- 6 || total
-------------------------+-------+-------++-------
Melee: Unarmed           |    12 |       ||    12
       Punch             |     1 |       ||     1
       Hand axe          |       |     1 ||     1
 Cast: Sandblast         |    32 |    34 ||    66
Armor: Robe              |     6 |     1 ||     7
       Ring mail         |       |     5 ||     5
Dodge: Dodged            |    32 |     8 ||    40
